 Dungeon Crawl Stone Soup version 0.30-a0-630-g881e3bac89 (webtiles) character file.

Game seed: 4323289659219027453

2227 Dartaoz the Grappler (level 9, -10/75 HPs)
             Began as a Ghoul Monk on Jan 13, 2023.
             Was a Follower of Yredelemnul.
             Mangled by Decipherer's ghost (14 damage)
             ... on level 6 of the Dungeon.
             The game lasted 00:14:12 (5023 turns).

Dartaoz the Grappler (Ghoul Monk)                   Turns: 5023, Time: 00:14:13

Health: -10/75     AC: 12    Str: 19    XL:     9   Next: 36%
Magic:  11/11      EV:  7    Int:  5    God:    Yredelemnul [*.....]
Gold:   358        SH:  0    Dex: 11    Spells: 8/8 levels left

rFire   . . .      SeeInvis +      - Unarmed
rCold   + . .      Faith    .    (no shield)
rNeg    + + +      Spirit   .    l - +0 plate armour
rPois   ∞          Reflect  .    (no helmet)
rElec   .          Harm     .    (no cloak)
rCorr   .          Rampage  .    s - +0 pair of gloves
Will    .....                    (no boots) Stlth
                                 (no amulet)
HPRegen 0.00/turn                j - +4 ring of slaying
MPRegen 0.12/turn                p - ring of see invisible

@: inhibited regen, studying Dodging
A: claws 1, cold resistance 1, negative energy resistance 3, inhibited
regeneration, torment resistance 2, devour on kill
a: Renounce Religion, Recall Undead Harvest


You were on level 6 of the Dungeon.
You worshipped Yredelemnul.
Yredelemnul was noncommittal.
You visited 1 branch of the dungeon, and saw 6 of its levels.

You collected 358 gold pieces.

Inventory:

Armour
 a - a +0 robe
 g - a +0 chain mail
 l - a +0 plate armour (worn)
 s - a +0 pair of gloves (worn)
Jewellery
 j - a +4 ring of slaying (left hand)
 p - a ring of see invisible (right hand)
Wands
 r - a wand of flame (24)
 t - a wand of paralysis (10)
Scrolls
 c - a scroll of torment {unknown}
 d - a scroll of immolation {unknown}
 e - 3 scrolls of teleportation {unknown}
 f - 8 scrolls of identify {unknown}
 h - a scroll of fog {unknown}
 k - a scroll of magic mapping {unknown}
 n - a scroll of poison {unknown}
 v - a scroll of summoning {unknown}
 x - 3 scrolls of enchant armour {unknown}
 y - a scroll of vulnerability {unknown}
 A - a scroll of noise {unknown}
Potions
 b - 2 potions of ambrosia
 i - 3 potions of curing {unknown}
 m - a potion of flight {unknown}
 o - a potion of brilliance {unknown}
 q - 2 potions of degeneration {unknown}
 u - 5 potions of berserk rage {unknown}
 w - a potion of resistance {unknown}
 z - 3 potions of magic {unknown}
 B - a potion of might {unknown}
 C - 2 potions of heal wounds {unknown}


   Skills:
 + Level 6.0 Fighting
 + Level 3.9 Armour
 + Level 5.1 Dodging
 - Level 2.1 Stealth
 + Level 9.3 Unarmed Combat
 + Level 4.8 Invocations


You had 8 spell levels left.
You didn't know any spells.
Your spell library contained the following spells:

 Spells                   Type           Power      Damage    Failure   Level
 Apportation              Tloc           0%         N/A       100%        1
 Freeze                   Ice            0%         1d3       100%        1
 Necrotise                Necr           0%         1d4       100%        1
 Sting                    Tmut/Pois      0%         1d3       100%        1
 Summon Small Mammal      Summ           0%         N/A       100%        1
 Poisonous Vapours        Pois/Air       0%         N/A       100%        2
 Dazzling Flash           Conj/Hex       0%         N/A       100%        3
 Frozen Ramparts          Ice            0%         1d1       100%        3
 Hailstorm                Conj/Ice       0%         3d3       100%        3
 Iskenderun's Mystic Bla  Conj/Tloc      0%         2d3       100%        4
 Olgreb's Toxic Radiance  Pois           0%         N/A       100%        4
 Starburst                Conj/Fire      0%         6d3       100%        6


Dungeon Overview and Level Annotations

Branches:
Dungeon (6/15)             Temple (0/1) D:5

Altars:
Fedhas
Gozag
Kikubaaqudgha
Nemelex Xobeh
Okawaru
Qazlal
Sif Muna
Trog
Vehumet
Yredelemnul

Shops:
D:3 (   D:5 (

Portals:
Abyss: D:6

Annotations:
D:6 1 transporter, Decipherer's ghost, novice MiBe


Innate Abilities, Weirdness & Mutations

You are immune to poison.
You have sharp fingernails.
Your flesh is cold resistant. (rC+)
You are immune to negative energy. (rN+++)
You do not regenerate when monsters are visible.
You are immune to unholy pain and torment.
You thrive by killing the living.


Message History

Your iguana zombie misses Decipherer's ghost.
You hit Decipherer's ghost but do no damage.
Decipherer's ghost is severely damaged.
Decipherer's ghost completely misses you.
Your bullfrog zombie hits the hellwing.
The hellwing barely misses you. x2
Your iguana zombie bites Decipherer's ghost but does no damage.
You barely miss Decipherer's ghost.
You punch Decipherer's ghost, but do no damage.
Decipherer's ghost is severely damaged.
Your bullfrog zombie barely misses the hellwing.
Decipherer's ghost hits you!
* * * LOW HITPOINT WARNING * * *
The hellwing hits you!
* * * LOW HITPOINT WARNING * * *
The hellwing hits you but does no damage.
You closely miss Decipherer's ghost. Your punch misses Decipherer's ghost.
Decipherer's ghost is severely damaged.
Your bullfrog zombie closely misses the hellwing.
Your iguana zombie barely misses Decipherer's ghost.
Decipherer's ghost hits you but does no damage.
The hellwing hits you.
* * * LOW HITPOINT WARNING * * *
The hellwing hits you but does no damage.
You hit Decipherer's ghost but do no damage.
Decipherer's ghost is severely damaged.
Your bullfrog zombie hits the hellwing but does no damage.
Decipherer's ghost hits you but does no damage.
The hellwing hits you but does no damage.
The hellwing hits you.
* * * LOW HITPOINT WARNING * * *
You closely miss Decipherer's ghost. Your punch misses Decipherer's ghost.
Decipherer's ghost is severely damaged.
Your bullfrog zombie barely misses the hellwing.
Your iguana zombie bites Decipherer's ghost.
You punch Decipherer's ghost!
Decipherer's ghost is almost destroyed.
Your bullfrog zombie barely misses the hellwing.
Decipherer's ghost hits you!
You die...
Yredelemnul claims you as an undead slave.

#.###...# #.####Z### #.....#
#.....### #..###...## #.....#
###.### ##........# #.....# #.##
####..#..# #......
###..#########...##..#####......
#.......................##....)#
##.....................#.<....###
#....###.......####....#......###
#...##x###...###@W#....#.....>...
#...#... #..##x4Z##.............#
....##..#####x##Z#....#.###....##
.#...##.. .... #.##...#.###..###
.#....##x#...##.#.##..#.#.....###
##.....#(..... .#..#....#.###.#..
##...###..####....##....#.# #....
....## . ###.##..##...#.#.# #.##.
.#..###.##....#. ##..Z....###....


You could see an ancient zyme, a hellwing, a small abomination, Decipherer's
ghost (ally target), a friendly iguana zombie and a friendly bullfrog zombie.

Vanquished Creatures
  Pikel (D:5)
  Grinder (D:4)
  A sky beast (D:6)
  A black bear (D:5)
  2 centaurs (D:6)
  A lemure (D:5)
  A necrophage (D:6)
  A bullfrog (D:6)
  A scorpion (D:4)
  A hound (D:5)
  A jelly (D:6)
  A gnoll bouda (D:5)
  2 orc priests (D:5)
  Ijyb (D:3)
  4 iguanas
  4 orc wizards
  11 gnolls
  10 adders
  A white imp (D:5)
  An ufetubus (D:5)
  2 worms
  2 dart slugs (D:1)
  12 orcs
  6 ball pythons
  6 endoplasms
  5 giant cockroaches
  6 hobgoblins
  4 jackals (D:1)
  4 quokkas
  10 bats
  7 frilled lizards
  9 goblins
  7 kobolds
  8 rats
135 creatures vanquished.

Vanquished Creatures (collateral kills)
  Sigmund (D:3)
  A lemure (D:5)
  2 necrophages (D:5)
  A jelly (D:5)
  An orc priest (D:3)
  2 gnolls (D:5)
  An orc (D:3)
  An endoplasm (D:3)
  A ball python (D:3)
  A rat (D:3)
12 creatures vanquished.

Vanquished Creatures (others)
  A hound zombie (D:5)
  An adder zombie (D:3)
  An orc zombie (D:6)
  A bat zombie (D:3)
  3 gnoll zombies (D:5)
  3 ball python zombies (D:3)
  5 plants (D:3)
15 creatures vanquished.

Grand Total: 162 creatures vanquished

Notes
Turn   | Place    | Note
-------+----------+-------------------------------------------
     0 | D:1      | Dartaoz the Ghoul Monk began the quest for the Orb.
     0 | D:1      | Reached XP level 1. HP: 19/19 MP: 0/0
   186 | D:1      | Reached XP level 2. HP: 26/26 MP: 1/1
   194 | D:1      | Reached skill level 4 in Unarmed Combat
   444 | D:1      | Reached XP level 3. HP: 31/31 MP: 2/2
   877 | D:2      | Reached skill level 5 in Unarmed Combat
   946 | D:2      | Reached XP level 4. HP: 37/38 MP: 3/3
  1369 | D:3      | Found a transporter.
  1489 | D:3      | Found a basalt altar of Yredelemnul.
  1507 | D:3      | Reached skill level 6 in Unarmed Combat
  1512 | D:3      | Found a radiant altar of Vehumet.
  1513 | D:3      | Found a shimmering blue altar of Sif Muna.
  1513 | D:3      | Found a stormy altar of Qazlal.
  1513 | D:3      | Found an opulent altar of Gozag.
  1516 | D:3      | Became a worshipper of Yredelemnul the Dark
  1516 | D:3      | Reached * piety under Yredelemnul
  1530 | D:3      | Reached XP level 5. HP: 45/45 MP: 4/4
  1569 | D:3      | Noticed Ijyb
  1578 | D:3      | Killed Ijyb
  1578 | D:3      | Reached ** piety under Yredelemnul
  1593 | D:3      | Found Udwymo's Antique Weapon Shop.
  1597 | D:3      | Noticed Sigmund
  1609 | D:3      | Killed Sigmund
  1610 | D:3      | Reached skill level 7 in Unarmed Combat
  1610 | D:3      | Reached XP level 6. HP: 45/51 MP: 5/5
  1639 | D:3      | Found a transporter.
  1870 | D:3      | Found a sparkling altar of Nemelex Xobeh.
  1873 | D:3      | Found a blossoming altar of Fedhas.
  2196 | D:4      | Reached skill level 1 in Invocations
  2354 | D:4      | Reached XP level 7. HP: 57/57 MP: 6/6
  2538 | D:4      | Reached skill level 1 in Armour
  2538 | D:4      | Reached skill level 8 in Unarmed Combat
  2992 | D:4      | Noticed Grinder
  3003 | D:4      | Killed Grinder
  3256 | D:4      | Reached *** piety under Yredelemnul
  3259 | D:5      | Entered Level 5 of the Dungeon
  3272 | D:5      | Reached XP level 8. HP: 59/67 MP: 8/8
  3510 | D:5      | Noticed Pikel
  3541 | D:5      | Killed Pikel
  3542 | D:5      | Reached skill level 5 in Fighting
  3837 | D:5      | Found Kedoafus's Antique Weapon Emporium.
  3838 | D:5      | Identified the +0 scale mail of Gicsemaf {Regen+ rCorr
                  | Int-5 Slay+6}
  3842 | D:5      | Found a staircase to the Ecumenical Temple.
  3850 | D:5      | Reached skill level 9 in Unarmed Combat
  3853 | D:5      | Reached XP level 9. HP: 64/74 MP: 11/11
  3907 | D:5      | Identified the +5 short sword "Qaobbu" {spect, *Slow rElec
                  | rC+ Int+5}
  4123 | D:5      | Found an ancient bone altar of Kikubaaqudgha.
  4238 | D:5      | Found a bloodstained altar of Trog.
  4238 | D:5      | Found an iron altar of Okawaru.
  4333 | D:6      | Identified the +6 mace of Malaise {heavy, Str+4 Dex+2}
  4548 | D:6      | Found a transporter.
  4614 | D:6      | Found a transporter.
  4649 | D:6      | Noticed an ancient zyme
  4684 | D:6      | Reached skill level 5 in Dodging
  4838 | D:6      | Noticed Decipherer's ghost (novice MiBe)
  4843 | D:6      | Noticed a hellwing
  4861 | D:6      | Found a one-way gate to the infinite horrors of the Abyss.
  4886 | D:6      | Found the +8 demon trident "Rift" {distort, reach+}
  5023 | D:6      | Mangled by Decipherer's ghost

Illustrated notes

Levels and vault maps discovered:
D:1:      spicycebolla_arrival_transporter_tutorial, layout_basic, minivault_27
D:2:      layout_rooms, minmay_misc_feat_encased
D:3:      gammafunk_wand_slinger, layout_rooms, minitemple, serial_shops,
          nicolae_square_shop, uniq_sigmund, uniq_ijyb
D:4:      layout_basic, uniq_grinder
D:5:      layout_cave_pools, grunt_temple_overflow_bloody_war,
          lemuel_coloured_pillars_altar, minmay_temple_entry_offerings,
          serial_shops, shop, minmay_misc_feat_five, st_stairs_8, uniq_pikel
D:6:      layout_rooms, gammafunk_ghost_abyssal_escape, hangedman_decor_push,
          minmay_manual_mares

Skill      XL: |  1  2  3  4  5  6  7  8  9 |
---------------+----------------------------+-----
Unarmed Combat | 4 5 6 7 8 9 |  9.3
Invocations    | 1 2 4 |  4.8
Armour         | 2 3 |  3.9
Dodging        | 3 4 5 |  5.1
Fighting       | 4 5 6 |  6.0
Stealth        | |  2.1

Action                   |  1- 3 |  4- 6 |  7- 9 || total
-------------------------+-------+-------+-------++-------
Melee: Unarmed           |    97 |   106 |   170 ||   373
       Punch             |     1 |     2 |     6 ||     9
Invok: Recall Undead Har |       |       |     3 ||     3
  Use: Potion            |       |       |     1 ||     1
 Stab: Sleeping          |     2 |       |       ||     2
       Distracted        |       |     1 |       ||     1
Armor: Chain mail        |    34 |       |       ||    34
       Robe              |     1 |       |       ||     1
       Plate armour      |    13 |    60 |    89 ||   162
Dodge: Dodged            |    16 |    22 |    57 ||    95

Table legend: (Time is in decaauts)
 A = Elapsed time spent in this place.
 B = Non-inter-level travel time spent in this place.
 C = Inter-level travel time spent in this place.
 D = Time resting spent in this place.
 E = Time spent auto-exploring this place.
 F = Levels seen in this place.
 G = Mean time per level.
                   A        B        C        D        E       F      G
               +--------+--------+--------+--------+--------+-----+--------+
         Total |   4977 |   4851 |    126 |    168 |   3733 |   6 |  829.5 |
       Dungeon |   4977 |   4851 |    126 |    168 |   3733 |   6 |  829.5 |
               +--------+--------+--------+--------+--------+-----+--------+

Top non-repeatable levels by time:
     D:4: 1096 daAuts
     D:5: 1054 daAuts
     D:1: 818 daAuts
     D:3: 797 daAuts
     D:6: 685 daAuts
     D:2: 525 daAuts
